 Dungeon Crawl Stone Soup version 0.29.0-11-gd7f09526c8 (webtiles) character file.

Game seed: 8779424179003388958

141 concernfroge the Trooper (level 5, -1/46 HPs)
             Began as a Mummy Monk on Sept 4, 2022.
             Slain by an iguana (3 damage)
             ... on level 4 of the Dungeon.
             The game lasted 00:05:33 (2668 turns).

concernfroge the Trooper (Mummy Monk)               Turns: 2668, Time: 00:05:34

Health: -1/46      AC:  8    Str: 16    XL:     5   Next: 3%
Magic:  5/5        EV: 10    Int:  9    God:
Gold:   158        SH:  0    Dex: 15    Spells: 4/4 levels left

rFire   x . .      SeeInvis .   j - +1 trident
rCold   + . .      Faith    .   (no shield)
rNeg    + + +      Spirit   .   g - +0 scale mail
rPois   ∞          Reflect  .   (no helmet)
rElec   .          Harm     .   b - +1 cloak
rCorr   .          Rampage  .   (no gloves)
Will    .....                   (no boots)
Stlth   +.........              c - amulet of the acrobat
HPRegen 0.15/turn               (no ring)
MPRegen 0.09/turn               (no ring)

@: no status effects
A: cold resistance 1, negative energy resistance 3, torment resistance 2, heat
vulnerability 1, in touch with death 1, no potions
a: no special abilities


You were on level 4 of the Dungeon.
You visited 1 branch of the dungeon, and saw 4 of its levels.

You collected 158 gold pieces.

Inventory:

Hand Weapons
 a - a +0 spear
 j - a +1 trident (weapon)
Armour
 b - a +1 cloak (worn)
 g - a +0 scale mail (worn)
Jewellery
 c - an amulet of the acrobat (around neck)
Scrolls
 f - 2 scrolls of identify


   Skills:
 + Level 5.8 Fighting
 - Level 2.4 Polearms
 - Level 2.4 Dodging
 - Level 1.5 Stealth


You had 4 spell levels left.
You didn't know any spells.
Your spell library contained the following spells:

 Spells                   Type           Power      Damage    Failure   Level
 Ignite Poison            Fire/Tmut/Pois 0%         N/A       99%         3
 Mephitic Cloud           Conj/Pois/Air  0%         N/A       99%         3
 Freezing Cloud           Conj/Ice/Air   0%         6-21      100%        5


Dungeon Overview and Level Annotations

Branches:
Dungeon (4/15)
 Temple: D:4-7

Altars:
Trog

Shops:
D:1 :

Annotations:
D:3 1 runed translucent door, gelatine's ghost, amateur OpHu
D:4 Robin


Innate Abilities, Weirdness & Mutations

You are immune to poison.
Your flesh is cold resistant. (rC+)
You are immune to negative energy. (rN+++)
You are immune to unholy pain and torment.
You are vulnerable to heat. (rF-)
You are in touch with the powers of death.
You do not drink.


Message History

The gnoll hits you with a +0 flail.
You are too injured to fight recklessly!
You are too injured to fight recklessly!
You are too injured to fight recklessly!
You barely miss the kobold. The gnoll closely misses you.
The kobold hits you but does no damage. The gnoll hits you but does no damage.
You miss the kobold. The gnoll barely misses you. x2
The kobold hits you with a +0 short sword.
The gnoll hits you with a +0 flail! The gnoll closely misses you.
The kobold hits you but does no damage.
You barely miss the kobold. The gnoll hits you but does no damage.
The kobold barely misses you. The gnoll hits you with a +0 flail.
* * * LOW HITPOINT WARNING * * *
You hit the kobold.
You kill the kobold!
The gnoll hits you with a +0 flail!
* * * LOW HITPOINT WARNING * * *
The gnoll closely misses you.
As you read the scroll of teleportation, it crumbles to dust.
You feel strangely unstable. The gnoll hits you with a +0 flail.
* * * LOW HITPOINT WARNING * * *
The gnoll closely misses you.
Your surroundings suddenly seem different.
An iguana and an endoplasm come into view.
The endoplasm quivers.
The iguana closely misses you.
You closely miss the iguana. The iguana barely misses you.
The endoplasm freezes you.
You are frozen.
You resist.
* * * LOW HITPOINT WARNING * * *
You barely miss the iguana. The iguana closely misses you.
The endoplasm hits you but does no damage.
You hit the iguana.
The iguana is lightly wounded.
The iguana barely misses you.
The endoplasm hits you but does no damage.
You closely miss the iguana.
The iguana is lightly wounded.
The endoplasm closely misses you. The iguana bites you.
You die...

# #. #.# #
....#####
####.#....
#......J#
#@.#
#.l....#
..
###..###
..# ...#
... #...
#. ##### .
# #.##
#.g.#


You could see an iguana and an endoplasm.

Vanquished Creatures
  A gnoll (D:4)
  6 adders
  3 worms
  A dart slug (D:2)
  4 orcs (D:3)
  4 endoplasms
  4 giant cockroaches
  6 goblins
  5 hobgoblins
  8 kobolds
  A quokka (D:2)
  7 ball pythons
  8 bats
  A frilled lizard (D:1)
  6 rats
65 creatures vanquished.

Notes
Turn   | Place    | Note
-------+----------+-------------------------------------------
     0 | D:1      | concernfroge the Mummy Monk began the quest for the Orb.
     0 | D:1      | Reached XP level 1. HP: 18/18 MP: 1/1
   198 | D:1      | Reached XP level 2. HP: 24/24 MP: 2/2
   409 | D:1      | Found Recvy's Book Shoppe.
   637 | D:1      | Reached skill level 4 in Fighting
   943 | D:2      | Gained mutation: You are in touch with the powers of death.
                  | [Mummy growth]
   943 | D:2      | Reached XP level 3. HP: 25/30 MP: 3/3
  1458 | D:2      | Reached XP level 4. HP: 35/38 MP: 4/4
  1578 | D:2      | Reached skill level 5 in Fighting
  2419 | D:3      | Found a bloodstained altar of Trog.
  2524 | D:3      | Found a runed translucent door.
  2525 | D:3      | Noticed gelatine's ghost (amateur OpHu)
  2525 | D:3      | Noticed a bullfrog
  2543 | D:3      | Found a runed translucent door.
  2626 | D:4      | Noticed Robin
  2657 | D:4      | Reached XP level 5. HP: 28/46 MP: 5/5
  2662 | D:4      | HP: 2/46 [gnoll/+0 flail (2)]
  2668 | D:4      | Slain by an iguana

Illustrated notes

Levels and vault maps discovered:
D:1:      minmay_arrival_four_circles, layout_basic, serial_shops, shop,
          minmay_tetromino_i2
D:2:      layout_basic
D:3:      layout_basic, lemuel_crystal_altar, bloody_trog,
          nicolae_uskayaw_en_pointe, ebering_ghost_sewer_f
D:4:      layout_loops_cross, gup_sewer_entry_bowl, uniq_robin

Skill      XL: |  1  2  3  4 |
---------------+-------------+-----
Fighting       | 4 5 |  5.8
Polearms       | |  2.4
Dodging        | |  2.4
Stealth        | |  1.5

Action                   |  1- 3 |  4- 6 || total
-------------------------+-------+-------++-------
Melee: Spear             |   160 |    71 ||   231
       Trident           |       |    48 ||    48
  Use: Scroll            |       |     8 ||     8
 Stab: Sleeping          |     5 |       ||     5
Armor: Robe              |     7 |       ||     7
       Scale mail        |    41 |    43 ||    84
Dodge: Dodged            |    70 |    88 ||   158
